Predators vs Canucks

Created - January 18 2011 at 17:17

Goals
1 2 3 T
Predators 1 0 1 2
Canucks 0 3 0 3
Shots
1 2 3 T
Predators 6 6 8 20
Canucks 7 15 8 30

Period #1

1. Predators , Brent Burns 5 (Alexandre Burrows) at 19:44 (PP)

Penalties :
Ian White (VAN) for Holding Stick (Minor) at 0:29, Mike Komisarek (VAN) for High sticking (Minor) at 0:59, Braydon Coburn (NSH) for Interference (Minor) at 5:06, Braydon Coburn (NSH) for Tripping (Minor) at 11:28, Mike Komisarek (VAN) for Roughing (Minor) at 16:49, Milan Lucic (VAN) for High sticking (Minor) at 18:50

Period #2

2. Canucks , Ian White 9 (David Backes, Brandon Sutter) at 2:39 (PP)
3. Canucks , Corey Perry 21 (Dmitry Kulikov, Duncan Keith) at 11:05
4. Canucks , Jay McClement 5 (Duncan Keith, Milan Lucic) at 19:42

Penalties :
Wayne Simmonds (NSH) for Hooking (Minor) at 1:55, Brooks Laich (VAN) for Roughing (Minor) at 4:58, Tomas Kaberle (NSH) for Hooking (Minor) at 4:58, Shea Weber (NSH) for Hooking (Minor) at 13:52, Shea Weber (NSH) for Roughing (Minor) at 16:20, Eric Nystrom (NSH) for High sticking (Minor) at 17:13

Period #3

5. Predators , Simon Gagne 17 (Nicklas Backstrom, Shea Weber) at 9:23

Penalties :
Derek Morris (NSH) for Holding (Minor) at 4:46, Wayne Simmonds (NSH) for Interference (Minor) at 10:37, Scottie Upshall (NSH) for Tripping (Minor) at 14:08, Ian White (VAN) for Holding (Minor) at 18:16

Goalie Stats

Pekka Rinne (NSH), 27 saves from 30 shots - (0.900), L, 30-11-2, 59:00 minutes
Jason LaBarbera (VAN), 18 saves from 20 shots - (0.900), W, 12-6-2, 60:00 minutes

Players Stats

Predators
Player Name              G  A  P  +/- PIM S  H  SB FO    MP 
------------------------------------------------------------
Alexandre Burrows        0  1  1  -2  0   1  1  0  1/4   18 
Braydon Coburn           0  0  0  -2  4   0  2  2  0/0   16 
Brent Burns              1  0  1   1  0   1  1  0  0/0   20 
David Legwand            0  0  0   0  0   1  0  1  9/25  13 
Derek Morris             0  0  0   0  2   1  1  1  0/0   17 
Eric Nystrom             0  0  0   0  2   0  1  0  1/1   10 
Jeff Carter              0  0  0   0  0   1  4  0  9/20  20 
Nicklas Backstrom        0  1  1   1  0   2  0  0  9/12  18 
Patric Hornqvist         0  0  0   1  0   0  0  0  0/1   14 
Patrik Elias             0  0  0   0  0   0  0  0  0/0   16 
Scottie Upshall          0  0  0  -2  2   3  2  0  0/2   13 
Shea Weber               0  1  1   1  4   0  1  3  0/0   21 
Simon Gagne              1  0  1   1  0   3  1  0  0/0   16 
Steven Stamkos           0  0  0  -2  0   4  0  0  9/13  11 
Thomas Vanek             0  0  0   0  0   2  1  0  1/2   15 
Tomas Kaberle            0  0  0   0  2   0  0  1  0/0   20 
Wayne Simmonds           0  0  0   0  4   1  2  0  0/2   4  
Zbynek Michalek          0  0  0  -2  0   0  0  4  0/0   20 
Canucks
Player Name              G  A  P  +/- PIM S  H  SB FO    MP 
------------------------------------------------------------
Brandon Sutter           0  1  1   0  0   0  0  1  12/23 14 
Brooks Laich             0  0  0   0  2   4  0  0  1/1   16 
Corey Perry              1  0  1   1  0   6  3  0  0/0   20 
David Backes             0  1  1   0  0   2  2  0  0/0   18 
Dmitry Kulikov           0  1  1   1  0   0  3  0  0/0   7  
Duncan Keith             0  2  2   1  0   2  0  0  0/0   24 
Erik Karlsson            0  0  0   0  0   0  0  0  0/0   15 
Fedor Tyutin             0  0  0   0  0   1  0  0  0/0   18 
Ian White                1  0  1   0  4   2  1  0  0/0   21 
Jay McClement            1  0  1   1  0   1  0  0  6/16  9  
Joe Thornton             0  0  0   0  0   2  6  0  12/19 19 
Loui Eriksson            0  0  0   0  0   2  0  0  0/0   18 
Martin Hanzal            0  0  0   0  0   0  5  0  12/20 18 
Matthew Carle            0  0  0   0  0   3  1  0  0/0   22 
Mike Komisarek           0  0  0   0  4   0  1  1  0/0   14 
Milan Lucic              0  1  1   1  2   1  2  0  0/2   10 
Tomas Holmstrom          0  0  0   0  0   2  1  0  0/1   12 
Valtteri Filppula        0  0  0   0  0   2  0  0  0/0   15 

3 Stars

1 - Corey Perry (VAN)
2 - Brent Burns (NSH)
3 - Simon Gagne (NSH)

Power Play

Predators - 1 on 5 Attempt(s) - 20.00%
Canucks - 1 on 9 Attempt(s) - 11.11%

Penalty Kill

Predators - 8 on 9 Attempt(s) - 88.89% - Score 0 goal in Penalty Kill
Canucks - 4 on 5 Attempt(s) - 80.00% - Score 0 goal in Penalty Kill

Game Notes

No Game Note

Finance

Level 1 -- Attendance: 6409 (98.60%) -- Ticket Income $512,720.00
Level 2 -- Attendance: 3381 (67.62%) -- Ticket Income $219,765.00
Level 3 -- Attendance: 1870 (53.43%) -- Ticket Income $93,500.00
Level 4 -- Attendance: 1873 (71.22%) -- Ticket Income $46,825.00
Luxury Box -- Attendance: 645 (64.50%) -- Ticket Income $161,250.00
Game was played at the General Motors Place
Total Attendance: 14178 (76.10%)
Total Ticket Income: $1,041,638.00
Other Income: $204,969.60
Total Income: $1,246,608.00


Play by Play

Period #1

0:01 of 1st period - Joe Thornton wins face-off versus Nicklas Backstrom in neutral zone.
0:22 of 1st period - Shot by Loui Eriksson.
0:22 of 1st period - Shot Misses the Net.
0:29 of 1st period - Minor Penalty to Ian White for Holding Stick.
0:30 of 1st period - Nicklas Backstrom wins face-off versus Jay McClement in Canucks zone.
0:42 of 1st period - Shot by Thomas Vanek.
0:42 of 1st period - Stopped by Jason LaBarbera without a rebound.
0:43 of 1st period - Brooks Laich wins face-off versus Jeff Carter in Canucks zone.
0:59 of 1st period - Minor Penalty to Mike Komisarek for High sticking.
1:00 of 1st period - Brandon Sutter wins face-off versus Thomas Vanek in Canucks zone.
2:07 of 1st period - Shot by Brent Burns.
2:07 of 1st period - Shot Blocked by Brandon Sutter.
2:11 of 1st period - Shot by Simon Gagne.
2:11 of 1st period - Stopped by Jason LaBarbera without a rebound.
2:12 of 1st period - Jeff Carter wins face-off versus Jay McClement in Canucks zone.
3:01 of 1st period - Thomas Vanek is hit by Dmitry Kulikov and loses puck.
3:20 of 1st period - Shot by Corey Perry.
3:20 of 1st period - Stopped by Pekka Rinne without a rebound.
3:21 of 1st period - Martin Hanzal wins face-off versus Jeff Carter in Predators zone.
3:26 of 1st period - Shot by David Backes.
3:26 of 1st period - Shot Misses the Net.
3:28 of 1st period - Shot by Martin Hanzal.
3:28 of 1st period - Shot Hit the Post.
3:44 of 1st period - Jeff Carter is hit by Martin Hanzal.
3:50 of 1st period - Shot by Patrik Elias.
3:50 of 1st period - Deflect By Thomas Vanek.
3:50 of 1st period - Stopped by Jason LaBarbera without a rebound.
3:51 of 1st period - Joe Thornton wins face-off versus Steven Stamkos in Canucks zone.
3:51 of 1st period - Joe Thornton is hit by Scottie Upshall.
3:59 of 1st period - Braydon Coburn is hit by Joe Thornton and loses puck.
4:05 of 1st period - Zbynek Michalek is hit by Ian White and loses puck.
5:00 of 1st period - Corey Perry is hit by Braydon Coburn and loses puck.
5:06 of 1st period - Minor Penalty to Braydon Coburn for Interference.
5:07 of 1st period - Martin Hanzal wins face-off versus Jeff Carter in Predators zone.
5:08 of 1st period - Shot by Duncan Keith.
5:08 of 1st period - Shot Blocked by Shea Weber.
5:26 of 1st period - Shot by Duncan Keith.
5:26 of 1st period - Stopped by Pekka Rinne without a rebound.
5:27 of 1st period - Brandon Sutter wins face-off versus Jeff Carter in Predators zone.
5:46 of 1st period - Shot by Matthew Carle.
5:46 of 1st period - Stopped by Pekka Rinne without a rebound.
5:47 of 1st period - Joe Thornton wins face-off versus David Legwand in Predators zone.
7:59 of 1st period - Off-side.
8:00 of 1st period - Steven Stamkos wins face-off versus Jay McClement in neutral zone.
8:03 of 1st period - Shot by Alexandre Burrows.
8:03 of 1st period - Stopped by Jason LaBarbera with a rebound.
9:33 of 1st period - Shot by Wayne Simmonds.
9:33 of 1st period - Deflect By David Legwand.
9:33 of 1st period - Stopped by Jason LaBarbera without a rebound.
9:34 of 1st period - Brandon Sutter wins face-off versus David Legwand in Canucks zone.
9:36 of 1st period - Icing by Corey Perry.
9:37 of 1st period - Brandon Sutter wins face-off versus Nicklas Backstrom in Canucks zone.
9:37 of 1st period - Brandon Sutter is hit by Simon Gagne.
10:39 of 1st period - Shot by Martin Hanzal.
10:39 of 1st period - Shot Misses the Net.
11:17 of 1st period - Shot by Joe Thornton.
11:17 of 1st period - Stopped by Pekka Rinne without a rebound.
11:18 of 1st period - Jay McClement wins face-off versus Scottie Upshall in Predators zone.
11:28 of 1st period - Minor Penalty to Braydon Coburn for Tripping.
11:29 of 1st period - Brandon Sutter wins face-off versus David Legwand in Predators zone.
11:30 of 1st period - Shot by Brooks Laich.
11:30 of 1st period - Stopped by Pekka Rinne without a rebound.
11:31 of 1st period - Joe Thornton wins face-off versus David Legwand in Predators zone.
11:36 of 1st period - Shot by Joe Thornton.
11:36 of 1st period - Stopped by Pekka Rinne without a rebound.
11:37 of 1st period - David Legwand wins face-off versus Brandon Sutter in Predators zone.
12:02 of 1st period - Shot by Brooks Laich.
12:02 of 1st period - Shot Misses the Net.
12:04 of 1st period - Shot by Matthew Carle.
12:04 of 1st period - Shot Misses the Net.
12:08 of 1st period - Shot by Matthew Carle.
12:08 of 1st period - Stopped by Pekka Rinne with a rebound.
13:10 of 1st period - Zbynek Michalek is hit by Martin Hanzal and loses puck.
14:54 of 1st period - Icing by Dmitry Kulikov.
14:55 of 1st period - Jay McClement wins face-off versus Wayne Simmonds in Canucks zone.
14:55 of 1st period - Jay McClement is hit by Wayne Simmonds.
15:06 of 1st period - Eric Nystrom is hit by Dmitry Kulikov and loses puck.
16:16 of 1st period - Icing by Brent Burns.
16:17 of 1st period - Steven Stamkos wins face-off versus Martin Hanzal in Predators zone.
16:17 of 1st period - Steven Stamkos is hit by David Backes.
16:49 of 1st period - Minor Penalty to Mike Komisarek for Roughing.
16:50 of 1st period - Nicklas Backstrom wins face-off versus Jay McClement in Canucks zone.
17:49 of 1st period - Erik Karlsson is hit by Jeff Carter and loses puck.
18:50 of 1st period - Minor Penalty to Milan Lucic for High sticking.
18:51 of 1st period - Nicklas Backstrom wins face-off versus Martin Hanzal in Canucks zone.
19:44 of 1st period - Shot by Brent Burns.
19:44 of 1st period - Goal by Brent Burns - Predators : 1 - Canucks : 0.
19:45 of 1st period - Steven Stamkos wins face-off versus Brandon Sutter in neutral zone.

Period #2

0:01 of 2nd period - Nicklas Backstrom wins face-off versus Joe Thornton in neutral zone.
0:27 of 2nd period - Simon Gagne is hit by Matthew Carle and loses puck.
0:52 of 2nd period - Loui Eriksson is hit by Jeff Carter and loses puck.
1:23 of 2nd period - Shot by Brooks Laich.
1:23 of 2nd period - Stopped by Pekka Rinne without a rebound.
1:24 of 2nd period - Martin Hanzal wins face-off versus Alexandre Burrows in Predators zone.
1:27 of 2nd period - Shot by David Backes.
1:27 of 2nd period - Shot Blocked by Zbynek Michalek.
1:31 of 2nd period - Shot by David Backes.
1:31 of 2nd period - Deflect By Martin Hanzal.
1:31 of 2nd period - Shot Misses the Net.
1:33 of 2nd period - Shot by Martin Hanzal.
1:33 of 2nd period - Shot Blocked by Braydon Coburn.
1:35 of 2nd period - Shot by Valtteri Filppula.
1:35 of 2nd period - Stopped by Pekka Rinne with a rebound.
1:39 of 2nd period - Shot by David Backes.
1:39 of 2nd period - Deflect By Valtteri Filppula.
1:39 of 2nd period - Shot Misses the Net.
1:45 of 2nd period - Shot by Valtteri Filppula.
1:45 of 2nd period - Stopped by Pekka Rinne without a rebound.
1:46 of 2nd period - David Legwand wins face-off versus Jay McClement in Predators zone.
1:46 of 2nd period - David Legwand is hit by Milan Lucic.
1:55 of 2nd period - Minor Penalty to Wayne Simmonds for Hooking.
1:56 of 2nd period - David Legwand wins face-off versus Joe Thornton in Predators zone.
2:13 of 2nd period - Shot by Corey Perry.
2:13 of 2nd period - Shot Blocked by Zbynek Michalek.
2:15 of 2nd period - Shot by Corey Perry.
2:15 of 2nd period - Stopped by Pekka Rinne without a rebound.
2:16 of 2nd period - Eric Nystrom wins face-off versus Brandon Sutter in Predators zone.
2:22 of 2nd period - Icing by Ian White.
2:23 of 2nd period - Brandon Sutter wins face-off versus David Legwand in Canucks zone.
2:39 of 2nd period - Shot by Ian White.
2:39 of 2nd period - Goal by Ian White - Predators : 1 - Canucks : 1.
2:40 of 2nd period - Jeff Carter wins face-off versus Jay McClement in neutral zone.
4:44 of 2nd period - Shot by Scottie Upshall.
4:44 of 2nd period - Shot Misses the Net.
4:48 of 2nd period - Shot by Alexandre Burrows.
4:48 of 2nd period - Deflect By Steven Stamkos.
4:48 of 2nd period - Stopped by Jason LaBarbera without a rebound.
4:49 of 2nd period - Brandon Sutter wins face-off versus Jeff Carter in Canucks zone.
4:49 of 2nd period - Brandon Sutter is hit by Thomas Vanek.
4:58 of 2nd period - Minor Penalty to Brooks Laich for Roughing.
4:58 of 2nd period - Minor Penalty to Tomas Kaberle for Hooking.
4:59 of 2nd period - Joe Thornton wins face-off versus Steven Stamkos in Predators zone.
5:00 of 2nd period - Shot by Duncan Keith.
5:00 of 2nd period - Shot Misses the Net.
5:52 of 2nd period - Shot by Scottie Upshall.
5:52 of 2nd period - Stopped by Jason LaBarbera without a rebound.
5:53 of 2nd period - Nicklas Backstrom wins face-off versus Martin Hanzal in Canucks zone.
5:56 of 2nd period - Shot by Scottie Upshall.
5:56 of 2nd period - Deflect By Nicklas Backstrom.
5:56 of 2nd period - Stopped by Jason LaBarbera without a rebound.
5:57 of 2nd period - Martin Hanzal wins face-off versus Nicklas Backstrom in Canucks zone.
6:10 of 2nd period - Shot by Ian White.
6:10 of 2nd period - Shot Misses the Net.
7:15 of 2nd period - Shot by Brooks Laich.
7:15 of 2nd period - Shot Blocked by Tomas Kaberle.
7:28 of 2nd period - Icing by Simon Gagne.
7:29 of 2nd period - Jeff Carter wins face-off versus Joe Thornton in Predators zone.
7:45 of 2nd period - Shot by Tomas Holmstrom.
7:45 of 2nd period - Stopped by Pekka Rinne without a rebound.
7:46 of 2nd period - Martin Hanzal wins face-off versus Wayne Simmonds in Predators zone.
7:59 of 2nd period - Shot by David Backes.
7:59 of 2nd period - Stopped by Pekka Rinne without a rebound.
8:00 of 2nd period - Steven Stamkos wins face-off versus Jay McClement in Predators zone.
8:25 of 2nd period - Shot by Simon Gagne.
8:25 of 2nd period - Shot Misses the Net.
8:29 of 2nd period - Shot by Steven Stamkos.
8:29 of 2nd period - Stopped by Jason LaBarbera without a rebound.
8:30 of 2nd period - Martin Hanzal wins face-off versus David Legwand in Canucks zone.
8:30 of 2nd period - Martin Hanzal is hit by Eric Nystrom.
8:48 of 2nd period - Icing by Fedor Tyutin.
8:49 of 2nd period - Jeff Carter wins face-off versus Martin Hanzal in Canucks zone.
9:21 of 2nd period - Tomas Holmstrom is hit by Jeff Carter and loses puck.
9:26 of 2nd period - Derek Morris is hit by Joe Thornton and loses puck.
9:46 of 2nd period - Off-side.
9:47 of 2nd period - Steven Stamkos wins face-off versus Brandon Sutter in neutral zone.
10:16 of 2nd period - Off-side.
10:17 of 2nd period - Nicklas Backstrom wins face-off versus Joe Thornton in neutral zone.
10:28 of 2nd period - Patric Hornqvist is hit by Tomas Holmstrom and loses puck.
10:41 of 2nd period - Shot by Loui Eriksson.
10:41 of 2nd period - Shot Misses the Net.
10:43 of 2nd period - Shot by Matthew Carle.
10:43 of 2nd period - Stopped by Pekka Rinne without a rebound.
10:44 of 2nd period - Martin Hanzal wins face-off versus David Legwand in Predators zone.
10:47 of 2nd period - Shot by Martin Hanzal.
10:47 of 2nd period - Shot Misses the Net.
10:57 of 2nd period - Shot by David Legwand.
10:57 of 2nd period - Deflect By Wayne Simmonds.
10:57 of 2nd period - Stopped by Jason LaBarbera without a rebound.
10:58 of 2nd period - Jay McClement wins face-off versus Scottie Upshall in Canucks zone.
11:03 of 2nd period - Shot by Duncan Keith.
11:03 of 2nd period - Shot Hit the Post.
11:05 of 2nd period - Shot by Dmitry Kulikov.
11:05 of 2nd period - Deflect By Corey Perry.
11:05 of 2nd period - Goal by Corey Perry - Predators : 1 - Canucks : 2.
11:06 of 2nd period - Martin Hanzal wins face-off versus Steven Stamkos in neutral zone.
13:39 of 2nd period - Shot by Brent Burns.
13:39 of 2nd period - Shot Misses the Net.
13:52 of 2nd period - Minor Penalty to Shea Weber for Hooking.
13:53 of 2nd period - Joe Thornton wins face-off versus David Legwand in Predators zone.
14:03 of 2nd period - Shot by Loui Eriksson.
14:03 of 2nd period - Stopped by Pekka Rinne without a rebound.
14:04 of 2nd period - David Legwand wins face-off versus Brandon Sutter in Predators zone.
14:19 of 2nd period - Shot by Matthew Carle.
14:19 of 2nd period - Shot Blocked by Braydon Coburn.
14:21 of 2nd period - Shot by Brooks Laich.
14:21 of 2nd period - Shot Blocked by Zbynek Michalek.
14:23 of 2nd period - Shot by Brandon Sutter.
14:23 of 2nd period - Shot Misses the Net.
14:25 of 2nd period - Shot by Ian White.
14:25 of 2nd period - Stopped by Pekka Rinne without a rebound.
14:26 of 2nd period - Jeff Carter wins face-off versus Joe Thornton in Predators zone.
15:12 of 2nd period - Derek Morris is hit by David Backes and loses puck.
16:20 of 2nd period - Minor Penalty to Shea Weber for Roughing.
16:21 of 2nd period - Joe Thornton wins face-off versus David Legwand in Predators zone.
16:28 of 2nd period - Shot by Erik Karlsson.
16:28 of 2nd period - Shot Blocked by Zbynek Michalek.
16:30 of 2nd period - Shot by Corey Perry.
16:30 of 2nd period - Stopped by Pekka Rinne without a rebound.
16:31 of 2nd period - Brandon Sutter wins face-off versus Jeff Carter in Predators zone.
17:00 of 2nd period - Shot by Brandon Sutter.
17:00 of 2nd period - Shot Misses the Net.
17:13 of 2nd period - Minor Penalty to Eric Nystrom for High sticking.
17:14 of 2nd period - Joe Thornton wins face-off versus Jeff Carter in Predators zone.
17:27 of 2nd period - Shot by Duncan Keith.
17:27 of 2nd period - Stopped by Pekka Rinne without a rebound.
17:28 of 2nd period - Jeff Carter wins face-off versus Milan Lucic in Predators zone.
17:28 of 2nd period - Jeff Carter is hit by Milan Lucic.
18:13 of 2nd period - Derek Morris is hit by Corey Perry and loses puck.
18:18 of 2nd period - Shot by Joe Thornton.
18:18 of 2nd period - Shot Misses the Net.
18:20 of 2nd period - Shot by Duncan Keith.
18:20 of 2nd period - Shot Blocked by David Legwand.
18:27 of 2nd period - Icing by Erik Karlsson.
18:28 of 2nd period - Joe Thornton wins face-off versus David Legwand in Canucks zone.
18:35 of 2nd period - David Legwand is hit by Joe Thornton and loses puck.
19:00 of 2nd period - Brent Burns is hit by Martin Hanzal and loses puck.
19:05 of 2nd period - Shot by David Backes.
19:05 of 2nd period - Stopped by Pekka Rinne without a rebound.
19:06 of 2nd period - Martin Hanzal wins face-off versus David Legwand in Predators zone.
19:29 of 2nd period - Shot by Simon Gagne.
19:29 of 2nd period - Stopped by Jason LaBarbera without a rebound.
19:30 of 2nd period - Jay McClement wins face-off versus Alexandre Burrows in Canucks zone.
19:35 of 2nd period - Milan Lucic is hit by Scottie Upshall and loses puck.
19:42 of 2nd period - Shot by Jay McClement.
19:42 of 2nd period - Goal by Jay McClement - Predators : 1 - Canucks : 3.
19:43 of 2nd period - Thomas Vanek wins face-off versus Martin Hanzal in neutral zone.
19:55 of 2nd period - Icing by Valtteri Filppula.
19:56 of 2nd period - Martin Hanzal wins face-off versus David Legwand in Canucks zone.

Period #3

0:01 of 3rd period - Joe Thornton wins face-off versus Patric Hornqvist in neutral zone.
0:16 of 3rd period - Shot by Tomas Holmstrom.
0:16 of 3rd period - Stopped by Pekka Rinne without a rebound.
0:17 of 3rd period - Jeff Carter wins face-off versus Brandon Sutter in Predators zone.
0:17 of 3rd period - Jeff Carter is hit by Corey Perry.
0:25 of 3rd period - Shot by Jeff Carter.
0:25 of 3rd period - Shot Misses the Net.
0:28 of 3rd period - Icing by Duncan Keith.
0:29 of 3rd period - Steven Stamkos wins face-off versus Brandon Sutter in Canucks zone.
0:48 of 3rd period - Steven Stamkos is hit by Corey Perry and loses puck.
0:58 of 3rd period - Corey Perry is hit by Braydon Coburn and loses puck.
1:41 of 3rd period - Nicklas Backstrom is hit by Joe Thornton and loses puck.
2:44 of 3rd period - Off-side.
2:45 of 3rd period - Steven Stamkos wins face-off versus Jay McClement in neutral zone.
3:01 of 3rd period - Shot by Milan Lucic.
3:01 of 3rd period - Stopped by Pekka Rinne without a rebound.
3:02 of 3rd period - Martin Hanzal wins face-off versus David Legwand in Predators zone.
3:06 of 3rd period - Valtteri Filppula is hit by Shea Weber and loses puck.
3:24 of 3rd period - Valtteri Filppula is hit by Brent Burns.
3:40 of 3rd period - Shot by Martin Hanzal.
3:40 of 3rd period - Shot Blocked by Shea Weber.
4:10 of 3rd period - Shot by Corey Perry.
4:10 of 3rd period - Stopped by Pekka Rinne without a rebound.
4:11 of 3rd period - Jay McClement wins face-off versus Jeff Carter in Predators zone.
4:11 of 3rd period - Corey Perry is hit by Derek Morris and loses puck.
4:30 of 3rd period - Thomas Vanek is hit by Dmitry Kulikov and loses puck.
4:46 of 3rd period - Minor Penalty to Derek Morris for Holding.
4:47 of 3rd period - David Legwand wins face-off versus Brandon Sutter in Predators zone.
5:04 of 3rd period - Shot by Brooks Laich.
5:04 of 3rd period - Stopped by Pekka Rinne without a rebound.
5:05 of 3rd period - Joe Thornton wins face-off versus David Legwand in Predators zone.
5:56 of 3rd period - Shot by Ian White.
5:56 of 3rd period - Shot Misses the Net.
5:58 of 3rd period - Shot by Ian White.
5:58 of 3rd period - Deflect By Brooks Laich.
5:58 of 3rd period - Stopped by Pekka Rinne without a rebound.
5:59 of 3rd period - Jeff Carter wins face-off versus Brandon Sutter in Predators zone.
6:21 of 3rd period - Icing by Brandon Sutter.
6:22 of 3rd period - Brandon Sutter wins face-off versus Jeff Carter in Canucks zone.
6:57 of 3rd period - Shot by Steven Stamkos.
6:57 of 3rd period - Stopped by Jason LaBarbera without a rebound.
6:58 of 3rd period - Nicklas Backstrom wins face-off versus Martin Hanzal in Canucks zone.
7:35 of 3rd period - Off-side.
7:36 of 3rd period - Joe Thornton wins face-off versus Jeff Carter in neutral zone.
7:47 of 3rd period - Thomas Vanek is hit by Joe Thornton and loses puck.
8:34 of 3rd period - Shot by Brooks Laich.
8:34 of 3rd period - Deflect By Corey Perry.
8:34 of 3rd period - Shot Misses the Net.
8:36 of 3rd period - Shot by Corey Perry.
8:36 of 3rd period - Stopped by Pekka Rinne without a rebound.
8:37 of 3rd period - David Legwand wins face-off versus Jay McClement in Predators zone.
8:51 of 3rd period - Icing by Jay McClement.
8:52 of 3rd period - Nicklas Backstrom wins face-off versus Jay McClement in Canucks zone.
9:23 of 3rd period - Shot by Simon Gagne.
9:23 of 3rd period - Goal by Simon Gagne - Predators : 2 - Canucks : 3.
9:24 of 3rd period - Steven Stamkos wins face-off versus Martin Hanzal in neutral zone.
9:31 of 3rd period - Shot by Scottie Upshall.
9:31 of 3rd period - Stopped by Jason LaBarbera without a rebound.
9:32 of 3rd period - Jeff Carter wins face-off versus Martin Hanzal in Canucks zone.
9:32 of 3rd period - Tomas Kaberle is hit by Mike Komisarek and loses puck.
9:35 of 3rd period - Shot by Derek Morris.
9:35 of 3rd period - Shot Blocked by Mike Komisarek.
9:51 of 3rd period - Shot by Patrik Elias.
9:51 of 3rd period - Deflect By Thomas Vanek.
9:51 of 3rd period - Shot Misses the Net.
10:27 of 3rd period - Shot by Steven Stamkos.
10:27 of 3rd period - Stopped by Jason LaBarbera without a rebound.
10:28 of 3rd period - Nicklas Backstrom wins face-off versus Tomas Holmstrom in Canucks zone.
10:29 of 3rd period - Shot by Patric Hornqvist.
10:29 of 3rd period - Shot Misses the Net.
10:33 of 3rd period - Shot by Nicklas Backstrom.
10:33 of 3rd period - Stopped by Jason LaBarbera without a rebound.
10:34 of 3rd period - Brandon Sutter wins face-off versus David Legwand in Canucks zone.
10:34 of 3rd period - Brandon Sutter is hit by Wayne Simmonds.
10:37 of 3rd period - Minor Penalty to Wayne Simmonds for Interference.
10:38 of 3rd period - David Legwand wins face-off versus Joe Thornton in Predators zone.
10:38 of 3rd period - David Legwand is hit by Joe Thornton.
10:59 of 3rd period - Shot by Loui Eriksson.
10:59 of 3rd period - Shot Blocked by Shea Weber.
11:01 of 3rd period - Shot by Loui Eriksson.
11:01 of 3rd period - Stopped by Pekka Rinne without a rebound.
11:02 of 3rd period - Brandon Sutter wins face-off versus David Legwand in Predators zone.
13:43 of 3rd period - Shot by Matthew Carle.
13:43 of 3rd period - Shot Misses the Net.
14:00 of 3rd period - Shot by Jeff Carter.
14:00 of 3rd period - Shot Misses the Net.
14:02 of 3rd period - Shot by Jeff Carter.
14:02 of 3rd period - Stopped by Jason LaBarbera without a rebound.
14:03 of 3rd period - Brandon Sutter wins face-off versus Steven Stamkos in Canucks zone.
14:03 of 3rd period - Brandon Sutter is hit by Alexandre Burrows.
14:08 of 3rd period - Minor Penalty to Scottie Upshall for Tripping.
14:09 of 3rd period - David Legwand wins face-off versus Brandon Sutter in Predators zone.
14:38 of 3rd period - Shot by Brandon Sutter.
14:38 of 3rd period - Shot Blocked by Derek Morris.
14:54 of 3rd period - Shot by Duncan Keith.
14:54 of 3rd period - Shot Misses the Net.
15:45 of 3rd period - Shot by Fedor Tyutin.
15:45 of 3rd period - Stopped by Pekka Rinne without a rebound.
15:46 of 3rd period - David Legwand wins face-off versus Milan Lucic in Predators zone.
15:46 of 3rd period - David Legwand is hit by Martin Hanzal.
15:58 of 3rd period - Shot by Erik Karlsson.
15:58 of 3rd period - Shot Misses the Net.
16:00 of 3rd period - Shot by Milan Lucic.
16:00 of 3rd period - Shot Misses the Net.
17:02 of 3rd period - Shot by Alexandre Burrows.
17:02 of 3rd period - Shot Misses the Net.
17:04 of 3rd period - Shot by Derek Morris.
17:04 of 3rd period - Stopped by Jason LaBarbera without a rebound.
17:05 of 3rd period - Martin Hanzal wins face-off versus Jeff Carter in Canucks zone.
17:59 of 3rd period - Icing by Duncan Keith.
18:00 of 3rd period - Steven Stamkos wins face-off versus Brandon Sutter in Canucks zone.
18:07 of 3rd period - Shot by Scottie Upshall.
18:07 of 3rd period - Stopped by Jason LaBarbera without a rebound.
18:08 of 3rd period - Alexandre Burrows wins face-off versus Joe Thornton in Canucks zone.
18:16 of 3rd period - Minor Penalty to Ian White for Holding.
18:17 of 3rd period - Jay McClement wins face-off versus Alexandre Burrows in Canucks zone.
19:00 of 3rd period - Predators, Pekka Rinne is pulled from the net.
19:32 of 3rd period - Zbynek Michalek is hit by Martin Hanzal and loses puck.
19:41 of 3rd period - Martin Hanzal is hit by Jeff Carter and loses puck.


Output by the SimonT Hockey Simulator (STHS) for Stephane Roy -- Original Page W3C XHTML 1.0 Valid